[ AOE2 MATCH · #507654241 ]
UnrankedPersians vs Mongols
Player's team · WIN
Rival team · LOSS
[ REPLAY ANALYSIS · EXTRACTED FROM THE RECORDED GAME ]
Feudal
9:01
Castle
21:52
Imperial
33:55
| APM avg | 36.5 |
| APM peak | 65 |
| eAPM avg | 20.6 |
| Villagers / military | 146 / 89 |
Focus
⚔️ 26.9% · 🌾 73.1%
Knight ×62 · Camel Scout ×11 · Trebuchet (Packed) ×6 · Scout Cavalry ×5 · Monk ×3 · Spearman ×2
Feudal
7:39
Castle
19:55
Imperial
35:59
| APM avg | 50.8 |
| APM peak | 94 |
| eAPM avg | 28.7 |
| Villagers / military | 126 / 122 |
Focus
⚔️ 29.8% · 🌾 70.2%
Mangudai ×63 · Scout Cavalry ×42 · Monk ×6 · Mangonel ×4 · Skirmisher ×2 · Camel Scout ×2
Match map
Initial resources + every placement click. Lines = walls · curves = elevation contours. ◆ gold · ⬟ stone · ● berries · ✦ relic · ◌ wall gap
Your base· ✓ Closed at 21:52 · 48t walls · 1 gate(s)
HellionBlue's base· Open — 13t gap
Smoothed initial terrain · ◌ = detected wall gap · hover for details
Inputs per minute
— WSH - - HellionBlue
Build order — WSH
First 150 of 457 actions detected
| 0:02 | Queue | Villager (Male) |
| 0:02 | Queue | Villager (Male) |
| 0:02 | Queue | Villager (Male) |
| 0:03 | Build | House |
| 0:04 | Build | House |
| 0:09 | Queue | Villager (Male) |
| 0:11 | Queue | Villager (Male) |
| 0:11 | Queue | Villager (Male) |
| 1:26 | Queue | Villager (Male) |
| 1:26 | Queue | Villager (Male) |
| 2:14 | Queue | Villager (Male) |
| 2:14 | Queue | Villager (Male) |
| 2:31 | Build | House |
| 2:35 | Build | House |
| 2:44 | Queue | Villager (Male) |
| 2:44 | Queue | Villager (Male) |
| 3:04 | Queue | Villager (Male) |
| 3:04 | Queue | Villager (Male) |
| 3:30 | Queue | Villager (Male) |
| 3:35 | Queue | Villager (Male) |
| 3:35 | Queue | Villager (Male) |
| 4:02 | Queue | Villager (Male) |
| 4:03 | Queue | Villager (Male) |
| 4:24 | Build | Lumber Camp |
| 4:32 | Build | Mill |
| 4:48 | Queue | Villager (Male) |
| 4:48 | Queue | Villager (Male) |
| 4:57 | Queue | Villager (Male) |
| 4:57 | Queue | Villager (Male) |
| 4:57 | Queue | Villager (Male) |
| 5:27 | Build | Palisade Wall |
| 5:46 | Build | House |
| 6:00 | Queue | Villager (Male) |
| 6:00 | Queue | Villager (Male) |
| 6:00 | Queue | Villager (Male) |
| 6:15 | Queue | Villager (Male) |
| 6:16 | Queue | Villager (Male) |
| 6:30 | Research | Loom |
| 6:30 | Research | Loom |
| 6:57 | Research | Feudal Age |
| 6:57 | Research | Feudal Age |
| 7:38 | Build | Barracks |
| 8:00 | Build | House |
| 8:02 | Queue | Villager (Male) |
| 8:33 | Build | Palisade Wall |
| 8:51 | Build | Palisade Wall |
| 9:00 | Build | Palisade Wall |
| 9:01 | Age | Feudal Age |
| 9:03 | Build | Palisade Wall |
| 9:07 | Research | Double-Bit Axe |
| 9:07 | Research | Double-Bit Axe |
| 9:11 | Build | Palisade Wall |
| 9:19 | Queue | Villager (Male) |
| 9:29 | Research | Horse Collar |
| 9:29 | Research | Horse Collar |
| 9:30 | Queue | Villager (Male) |
| 9:43 | Queue | Spearman |
| 9:51 | Queue | Spearman |
| 10:01 | Queue | Villager (Male) |
| 10:18 | Build | Farm |
| 10:33 | Build | Farm |
| 10:52 | Queue | Villager (Male) |
| 10:52 | Queue | Villager (Male) |
| 10:56 | Build | Farm |
| 10:57 | Build | Farm |
| 10:59 | Build | Farm |
| 11:10 | Queue | Villager (Male) |
| 11:24 | Queue | Villager (Male) |
| 11:36 | Build | Farm |
| 11:42 | Build | Mill |
| 11:46 | Build | House |
| 11:49 | Build | Farm |
| 11:50 | Queue | Villager (Male) |
| 11:53 | Build | Farm |
| 12:05 | Queue | Villager (Male) |
| 12:24 | Build | House |
| 12:25 | Queue | Villager (Male) |
| 12:42 | Build | Farm |
| 12:44 | Queue | Villager (Male) |
| 12:44 | Queue | Villager (Male) |
| 13:02 | Queue | Villager (Male) |
| 13:07 | Build | Mining Camp |
| 13:08 | Queue | Villager (Male) |
| 13:18 | Build | Lumber Camp |
| 13:20 | Queue | Villager (Male) |
| 13:33 | Build | House |
| 13:43 | Build | Farm |
| 13:46 | Queue | Villager (Male) |
| 14:06 | Build | House |
| 14:11 | Queue | Villager (Male) |
| 14:29 | Build | Stable |
| 15:09 | Build | Farm |
| 15:17 | Build | Farm |
| 15:22 | Queue | Scout Cavalry |
| 15:23 | Queue | Scout Cavalry |
| 15:27 | Build | Palisade Gate |
| 15:31 | Build | Palisade Wall |
| 15:32 | Queue | Villager (Male) |
| 15:48 | Build | Farm |
| 15:49 | Build | Farm |
| 15:50 | Build | Farm |
| 15:59 | Queue | Villager (Male) |
| 16:15 | Build | Blacksmith |
| 16:18 | Queue | Villager (Male) |
| 16:20 | Queue | Scout Cavalry |
| 16:26 | Queue | Scout Cavalry |
| 16:28 | Queue | Villager (Male) |
| 16:38 | Queue | Villager (Male) |
| 16:45 | Build | House |
| 16:48 | Queue | Scout Cavalry |
| 16:54 | Queue | Villager (Male) |
| 17:06 | Build | House |
| 17:15 | Queue | Villager (Male) |
| 17:17 | Build | Farm |
| 17:32 | Queue | Villager (Male) |
| 17:37 | Build | House |
| 17:54 | Queue | Villager (Male) |
| 18:03 | Build | Farm |
| 18:43 | Build | Palisade Wall |
| 18:47 | Build | Palisade Wall |
| 18:50 | Build | Palisade Wall |
| 19:01 | Queue | Villager (Male) |
| 19:16 | Build | Farm |
| 19:27 | Research | Castle Age |
| 19:27 | Research | Castle Age |
| 19:27 | Research | Castle Age |
| 20:02 | Research | Bloodlines |
| 20:02 | Research | Bloodlines |
| 20:36 | Build | Stable |
| 21:02 | Research | Gold Mining |
| 21:03 | Research | Gold Mining |
| 21:06 | Research | Forging |
| 21:07 | Research | Scale Barding Armor |
| 21:07 | Research | Scale Barding Armor |
| 21:45 | Research | Wheelbarrow |
| 21:45 | Research | Wheelbarrow |
| 21:52 | Age | Castle Age |
| 21:59 | Research | Husbandry |
| 21:59 | Research | Husbandry |
| 22:00 | Queue | Camel Scout |
| 22:00 | Queue | Camel Scout |
| 22:00 | Queue | Camel Scout |
| 22:04 | Build | Town Center |
| 22:14 | Queue | Camel Scout |
| 22:15 | Queue | Camel Scout |
| 22:20 | Build | Monastery |
| 22:28 | Queue | Knight |
| 22:31 | Queue | Camel Scout |
| 22:34 | Build | Farm |
| 22:51 | Build | House |
Build order — HellionBlue
First 150 of 349 actions detected
| 0:01 | Queue | Villager (Male) |
| 0:01 | Queue | Villager (Male) |
| 0:01 | Queue | Villager (Male) |
| 0:02 | Build | House |
| 0:02 | Queue | Villager (Male) |
| 0:03 | Queue | Villager (Male) |
| 0:04 | Build | House |
| 1:37 | Queue | Villager (Male) |
| 1:37 | Queue | Villager (Male) |
| 2:00 | Queue | Villager (Male) |
| 2:00 | Queue | Villager (Male) |
| 2:25 | Build | Lumber Camp |
| 2:30 | Queue | Villager (Male) |
| 2:30 | Queue | Villager (Male) |
| 2:31 | Queue | Villager (Male) |
| 2:31 | Queue | Villager (Male) |
| 2:43 | Queue | Villager (Male) |
| 2:44 | Queue | Villager (Male) |
| 3:03 | Build | House |
| 3:19 | Queue | Villager (Male) |
| 3:19 | Queue | Villager (Male) |
| 3:19 | Queue | Villager (Male) |
| 4:43 | Build | Mill |
| 4:52 | Queue | Villager (Male) |
| 5:26 | Queue | Villager (Male) |
| 5:29 | Research | Feudal Age |
| 5:30 | Research | Feudal Age |
| 6:15 | Build | House |
| 6:15 | Build | Palisade Wall |
| 7:03 | Build | Barracks |
| 7:17 | Queue | Villager (Male) |
| 7:19 | Research | Loom |
| 7:19 | Queue | Villager (Male) |
| 7:24 | Queue | Villager (Male) |
| 7:39 | Age | Feudal Age |
| 7:57 | Build | Stable |
| 8:02 | Queue | Villager (Male) |
| 8:08 | Queue | Villager (Male) |
| 8:34 | Build | House |
| 8:39 | Queue | Scout Cavalry |
| 8:39 | Queue | Scout Cavalry |
| 9:05 | Queue | Villager (Male) |
| 9:10 | Build | Mill |
| 9:38 | Queue | Villager (Male) |
| 9:53 | Queue | Villager (Male) |
| 9:59 | Queue | Villager (Male) |
| 10:17 | Build | Archery Range |
| 10:27 | Research | Horse Collar |
| 10:28 | Research | Horse Collar |
| 10:35 | Research | Double-Bit Axe |
| 10:38 | Queue | Villager (Male) |
| 10:41 | Build | House |
| 10:45 | Build | House |
| 11:15 | Queue | Villager (Male) |
| 11:22 | Build | Farm |
| 11:22 | Build | Farm |
| 11:23 | Build | Farm |
| 11:23 | Build | Farm |
| 11:23 | Build | Farm |
| 11:23 | Build | Farm |
| 11:24 | Build | Farm |
| 11:29 | Queue | Villager (Male) |
| 11:48 | Build | House |
| 11:54 | Build | House |
| 12:06 | Queue | Archer |
| 12:06 | Queue | Skirmisher |
| 12:06 | Queue | Skirmisher |
| 12:14 | Queue | Villager (Male) |
| 12:38 | Build | Farm |
| 12:38 | Build | Farm |
| 12:38 | Build | Farm |
| 12:43 | Queue | Villager (Male) |
| 12:50 | Build | House |
| 12:53 | Build | Palisade Wall |
| 12:55 | Queue | Villager (Male) |
| 13:06 | Build | Farm |
| 13:07 | Queue | Villager (Male) |
| 13:20 | Build | Lumber Camp |
| 13:38 | Build | Farm |
| 13:57 | Build | Farm |
| 13:57 | Build | Farm |
| 13:57 | Build | Farm |
| 13:57 | Build | Farm |
| 14:06 | Build | Farm |
| 14:07 | Queue | Villager (Male) |
| 14:21 | Build | Mining Camp |
| 14:28 | Queue | Villager (Male) |
| 15:02 | Queue | Villager (Male) |
| 15:05 | Build | Farm |
| 15:08 | Build | Farm |
| 15:08 | Build | Farm |
| 15:10 | Build | Farm |
| 15:11 | Queue | Villager (Male) |
| 15:37 | Build | House |
| 15:42 | Build | Palisade Wall |
| 15:43 | Build | Palisade Wall |
| 15:49 | Queue | Villager (Male) |
| 15:51 | Queue | Villager (Male) |
| 15:53 | Build | Farm |
| 15:55 | Research | Horse Collar |
| 16:20 | Build | Farm |
| 16:42 | Queue | Villager (Male) |
| 16:45 | Build | Farm |
| 16:50 | Build | Farm |
| 17:05 | Research | Castle Age |
| 17:05 | Research | Castle Age |
| 17:51 | Queue | Villager (Male) |
| 17:53 | Queue | Scout Cavalry ×2 |
| 17:58 | Build | Stable |
| 18:27 | Build | Palisade Wall |
| 18:31 | Queue | Scout Cavalry |
| 18:51 | Build | Blacksmith |
| 18:59 | Build | Lumber Camp |
| 19:00 | Queue | Scout Cavalry |
| 19:01 | Research | Bloodlines |
| 19:26 | Build | Palisade Wall |
| 19:29 | Build | Palisade Gate |
| 19:43 | Research | Forging |
| 19:54 | Build | Palisade Wall |
| 19:55 | Age | Castle Age |
| 19:55 | Build | Palisade Wall |
| 19:58 | Build | House |
| 20:05 | Queue | Camel Scout |
| 20:06 | Research | Husbandry |
| 20:07 | Queue | Scout Cavalry |
| 20:07 | Queue | Camel Scout |
| 20:07 | Queue | Scout Cavalry |
| 20:16 | Queue | Villager (Male) |
| 20:34 | Build | Palisade Wall |
| 20:42 | Build | Monastery |
| 21:03 | Build | Town Center |
| 21:10 | Queue | Cavalry Archer |
| 21:10 | Queue | Cavalry Archer |
| 21:18 | Research | Light Cavalry (upgrade) |
| 21:18 | Research | Light Cavalry (upgrade) |
| 21:42 | Queue | Villager (Male) |
| 21:42 | Queue | Villager (Male) |
| 21:44 | Queue | Villager (Male) |
| 21:47 | Build | Farm |
| 21:48 | Build | Farm |
| 21:48 | Build | Farm |
| 21:48 | Build | Farm |
| 22:00 | Queue | Villager (Male) |
| 22:00 | Queue | Villager (Male) |
| 22:06 | Research | Wheelbarrow |
| 22:06 | Research | Wheelbarrow |
| 22:13 | Queue | Villager (Male) |
| 22:27 | Research | Bow Saw |
| 22:27 | Research | Bow Saw |
| 22:50 | Queue | Villager (Male) |
Match timeline
| 5:27 | WSH · wall_segment Palisade Wall x1 |
| 6:15 | HellionBlue · wall_segment Palisade Wall x1 |
| 7:03 | HellionBlue · first_building Barracks |
| 7:38 | WSH · first_building Barracks |
| 7:39 | HellionBlue · age_up feudal |
| 7:57 | HellionBlue · first_building Stable |
| 8:33 | WSH · wall_segment Palisade Wall x1 |
| 8:51 | WSH · wall_segment Palisade Wall x12 |
| 9:00 | WSH · wall_segment Palisade Wall x8 |
| 9:01 | WSH · age_up feudal |
| 9:03 | WSH · wall_segment Palisade Wall x9 |
| 9:11 | WSH · wall_segment Palisade Wall x7 |
| 10:17 | HellionBlue · first_building Archery Range |
| 12:53 | HellionBlue · wall_segment Palisade Wall x18 |
| 14:29 | WSH · first_building Stable |
| 15:31 | WSH · wall_segment Palisade Wall x1 |
| 15:42 | HellionBlue · wall_segment Palisade Wall x6 |
| 15:43 | HellionBlue · wall_segment Palisade Wall x12 |
| 18:27 | HellionBlue · wall_segment Palisade Wall x1 |
| 18:43 | WSH · wall_segment Palisade Wall x7 |
| 18:47 | WSH · wall_segment Palisade Wall x1 |
| 18:50 | WSH · wall_segment Palisade Wall x1 |
| 19:26 | HellionBlue · wall_segment Palisade Wall x1 |
| 19:54 | HellionBlue · wall_segment Palisade Wall x1 |
| 19:55 | HellionBlue · age_up castle |
| 19:55 | HellionBlue · wall_segment Palisade Wall x1 |
| 20:34 | HellionBlue · wall_segment Palisade Wall x1 |
| 20:42 | HellionBlue · first_building Monastery |
| 21:52 | WSH · age_up castle |
| 22:20 | WSH · first_building Monastery |
| 24:20 | HellionBlue · wall_segment Palisade Wall x1 |
| 24:23 | HellionBlue · wall_segment Palisade Wall x1 |
| 25:17 | HellionBlue · first_building Siege Workshop |
| 27:05 | HellionBlue · wall_segment Palisade Wall x1 |
| 27:08 | HellionBlue · wall_segment Palisade Wall x1 |
| 28:12 | HellionBlue · first_building Castle |
| 28:31 | HellionBlue · wall_segment Palisade Wall x1 |
| 28:37 | HellionBlue · wall_segment Palisade Wall x1 |
| 28:41 | WSH · wall_segment Palisade Wall x9 |
| 29:48 | HellionBlue · wall_segment Palisade Wall x11 |
| 30:07 | WSH · first_building Castle |
| 32:03 | HellionBlue · wall_segment Palisade Wall x1 |
| 32:43 | HellionBlue · first_market_sell 100 food |
| 33:55 | WSH · age_up imperial |
| 34:42 | HellionBlue · wall_segment Palisade Wall x10 |
| 35:59 | HellionBlue · age_up imperial |
| 40:21 | HellionBlue · wall_segment Palisade Wall x1 |
| 42:17 | HellionBlue · resign |
[ AI ANALYSIS · 1 CREDIT ]
What really happened in this match?
Wolo.gg analyzes every decision: build order, eco, micro, common mistakes by bracket. Personalized analysis on WhatsApp or Discord in 30 seconds.
Civ guide
Persians
Perfil
Jugador #22470219